 Dungeon Crawl Stone Soup version 0.27-a0-1105-g946c659c87 (webtiles) character file.

Game seed: 6545246630857449869

49 DogServant the Digger (level 3, -2/21 HPs)
             Began as a Gargoyle Earth Elementalist on Apr 30, 2021.
             Slain by Terence
             ... wielding a +2 short sword of speed
              (5 damage)
             ... on level 2 of the Dungeon.
             The game lasted 00:04:00 (1763 turns).

DogServant the Digger (Gargoyle Earth Elementalist) Turns: 1763, Time: 00:04:00

Health: -2/21      AC:  5    Str: 17    XL:     3   Next: 75%
Magic:  1/6        EV: 11    Int: 16    God:
Gold:   98         SH:  0    Dex: 10    Spells: 0/6 levels left

rFire    . . .     SeeInvis .   f - +0 whip
rCold    . . .     Faith    .   (no shield)
rNeg     + . .     Spirit   .   c - +0 robe
rPois    ∞         Reflect  .   (no helmet)
rElec    +         Harm     .   (no cloak)
rCorr    .         Rampage  .   (no gloves)
Will     .....                  (no boots)
Stlth    ++........             (no amulet)
HPRegen  0.07/turn              m - +6 ring of strength
MPRegen  0.10/turn              (no ring)

@: about to teleport
A: AC +3, negative energy resistance 1, electricity resistance, torment
resistance 1, unbreathing 1, petrification resistance
a: no special abilities


You were on level 2 of the Dungeon.
You visited 1 branch of the dungeon, and saw 2 of its levels.

You collected 98 gold pieces.

Inventory:

Hand Weapons
 e - a +0 dagger
 f - a +0 whip (weapon)
Missiles
 b - 51 stones
Armour
 c - a +0 robe (worn)
Jewellery
 g - a ring of ice
 m - a +6 ring of strength (left hand)
Scrolls
 d - a scroll of identify {unknown}
 h - a scroll of summoning {unknown}
 i - a scroll of fear {unknown}
 l - a scroll of fog {unknown}
Potions
 j - a potion of flight {unknown}
 k - a potion of brilliance {unknown}


   Skills:
 - Level 2.0 Fighting
 + Level 0.0 Maces & Flails
 + Level 0.0 Armour
 - Level 1.5 Dodging
 - Level 2.1 Stealth
 - Level 2.0 Spellcasting
 - Level 0.7 Transmutations
 + Level 4.9 Earth Magic


You couldn't memorise any spells.
You knew the following spells:

 Your Spells              Type           Power      Damage    Failure   Level
a - Sandblast             Erth           34%        2d9       2%          1
b - Stone Arrow           Conj/Erth      18%        3d8       22%         3
c - Call Imp              Summ           1%         N/A       30%         2

Your spell library contained the following spells:

 Spells                   Type           Power      Damage    Failure   Level
 Passwall                 Tmut/Erth      8%         N/A       10%         2
 Magic Dart               Conj           4%         1d3       21%         1
 Blink                    Tloc           N/A        N/A       30%         2
 Slow                     Hex            1%         N/A       30%         2
 Conjure Flame            Conj/Fire      1%         6-21      52%         3
 Mephitic Cloud           Conj/Pois/Air  1%         N/A       52%         3
 Petrify                  Tmut/Erth      10%        N/A       54%         4
 Lee's Rapid Deconstruct  Erth           8%         3d8*      58%         5


Dungeon Overview and Level Annotations

Branches:
Dungeon (2/15)

Altars:

Shops:
D:2 (

Annotations:
D:2 Terence


Innate Abilities, Weirdness & Mutations

Your stone body is resilient. (AC +3)
You are immune to poison.
You resist negative energy. (rN+)
You are resistant to electric shocks. (rElec)
You are resistant to unholy torment.
You can survive without breathing.
You are immune to petrification.


Message History

Aiming: Sandblast (safe; 2% risk of failure)
Press: ? - help, Shift-Dir - straight line, f/p - Terence
Aim: Terence, wielding a +2 short sword of speed and wearing a +0 chain mail (85% to hit)
The blast of sand hits Terence but does no damage.
Terence shouts, "Get ready for death!"
Casting: Sandblast (safe; 2% risk of failure)
Confirm with . or Enter, or press ? or * to list all spells.
Aiming: Sandblast (safe; 2% risk of failure)
Press: ? - help, Shift-Dir - straight line, f/p - Terence
Aim: Terence, wielding a +2 short sword of speed and wearing a +0 chain mail (85% to hit)
The blast of sand hits Terence.
Terence is lightly wounded.
Terence hits you with a +2 short sword of speed.
Terence hits you but does no damage.
Casting: Sandblast (safe; 2% risk of failure)
Confirm with . or Enter, or press ? or * to list all spells.
Aiming: Sandblast (safe; 2% risk of failure)
Press: ? - help, Shift-Dir - straight line, f/p - Terence
Aim: Terence, wielding a +2 short sword of speed and wearing a +0 chain mail (lightly wounded, 85% to hit)
The blast of sand hits Terence but does no damage.
Terence is lightly wounded.
Terence hits you with a +2 short sword of speed.
Casting: Sandblast (safe; 2% risk of failure)
Confirm with . or Enter, or press ? or * to list all spells.
You don't have enough magic to cast this spell.
Casting: Sandblast (safe; 2% risk of failure)
Confirm with . or Enter, or press ? or * to list all spells.
Aiming: Sandblast (safe; 2% risk of failure)
Press: ? - help, Shift-Dir - straight line, f/p - Terence
Aim: Terence, wielding a +2 short sword of speed and wearing a +0 chain mail (lightly wounded, 85% to hit)
The blast of sand misses Terence.
Terence hits you with a +2 short sword of speed!
* * * LOW HITPOINT WARNING * * *
Terence hits you but does no damage.
Okay, then.
As you read the scroll labelled VEQAYBB JYOGI, it crumbles to dust.
You feel strangely unstable.
It was a scroll of teleportation.
Terence barely misses you.
Terence hits you with a +2 short sword of speed.
You die...

##......#.##.##.#...
........#.##†# .###.
#.....†.....# # #.
#.#...#####)# #.
#.##.#####.#.# #. #
#......∩..###.. #.
###.##..>....##.#
### ##
............####.# #
#.##.@........(.# #
#.##@.....###...# #
#....###### .# #
#..### # # #.. #
.... # ####. # #. #
#. #


You could see Terence.

Vanquished Creatures
  An adder (D:2)
  A worm (D:2)
  A dart slug (D:1)
  4 ball pythons
  2 bats (D:1)
  4 endoplasms (D:1)
  2 goblins (D:1)
  7 hobgoblins
  2 kobolds
  A quokka (D:1)
  3 frilled lizards (D:1)
  2 rats (D:1)
30 creatures vanquished.

Notes
Turn   | Place    | Note
-------+----------+-------------------------------------------
     0 | D:1      | DogServant the Gargoyle Earth Elementalist began the quest
                  | for the Orb.
     0 | D:1      | Reached XP level 1. HP: 10/10 MP: 3/3
   309 | D:1      | Reached skill level 1 in Fighting
   312 | D:1      | Found a faded altar of an unknown god.
   518 | D:1      | Reached skill level 4 in Earth Magic
   518 | D:1      | Reached XP level 2. HP: 10/16 MP: 3/5
   788 | D:1      | Reached XP level 3. HP: 19/21 MP: 6/6
  1584 | D:2      | Learned a level 3 spell: Stone Arrow
  1587 | D:2      | Learned a level 2 spell: Call Imp
  1742 | D:2      | Found Zoopnoo's Antique Weapon Emporium.
  1755 | D:2      | Noticed Terence
  1763 | D:2      | Slain by Terence

Illustrated notes

Levels and vault maps discovered:
D:1:      onia_arrival_handbag, layout_basic,
          hellmonk_ecumenical_altar_pennies_from_heaven, minmay_vboxes
D:2:      layout_loops_ring, serial_shops, shop, minmay_stone_trees_medium,
          hangedman_decor_clover_reticule, uniq_robin, uniq_jessica,
          uniq_terence

Skill      XL: |  1  2  3 |
---------------+----------+-----
Fighting       | 1 2 |  2.0
Earth Magic    | 4 |  4.9
Dodging        | |  1.5
Stealth        | |  2.1
Spellcasting   | |  2.0
Transmutations | |  0.7

Action                   || total
-------------------------++-------
Melee: Unarmed           ||    13
       Whip              ||    76
 Cast: Sandblast         ||    29
  Use: Scroll            ||     1
 Stab: Sleeping          ||     5
Armor: Robe              ||    37
Dodge: Dodged            ||    64

Table legend: (Time is in decaauts)
 A = Elapsed time spent in this place.
 B = Non-inter-level travel time spent in this place.
 C = Inter-level travel time spent in this place.
 D = Time resting spent in this place.
 E = Time spent auto-exploring this place.
 F = Levels seen in this place.
 G = Mean time per level.
                   A        B        C        D        E       F      G
               +--------+--------+--------+--------+--------+-----+--------+
         Total |   1770 |   1758 |     12 |     49 |   1415 |   2 |  885.0 |
       Dungeon |   1770 |   1758 |     12 |     49 |   1415 |   2 |  885.0 |
               +--------+--------+--------+--------+--------+-----+--------+

Top non-repeatable levels by time:
     D:1: 1462 daAuts
     D:2: 308 daAuts
